 Dungeon Crawl Stone Soup version 0.29.1 (webtiles) character file.

Game seed: 9558636181096041813

60 masschaos23 the Sneak (level 4, 0/29 HPs)
             Began as an Octopode Brigand on Sept 13, 2022.
             Slain by a goblin
             ... wielding a +0 dagger
             ... led by Robin
              (5 damage)
             ... on level 2 of the Dungeon.
             The game lasted 00:05:33 (1053 turns).

masschaos23 the Sneak (Octopode Brigand)            Turns: 1053, Time: 00:05:33

Health: 0/29       AC:  1    Str: 10    XL:     4   Next: 6%
Magic:  4/4        EV: 13    Int: 13    God:
Gold:   84         SH:  0    Dex: 15    Spells: 3/3 levels left

rFire   . . .      SeeInvis .   a - +2 dagger
rCold   . . .      Faith    .   (no shield)
rNeg    . . .      Spirit   .   (helmet restricted)
rPois   .          Reflect  .   (no amulet)
rElec   .          Harm     .   (no ring)
rCorr   .          Rampage  .   (no ring)
Will    .....                   (no ring)
Stlth   ++++......              (no ring)
HPRegen 0.09/turn               (no ring)
MPRegen 0.09/turn               (no ring)
                                (no ring)
                                (no ring)

@: no status effects
A: almost no armour, amphibious, 8 rings, camouflage 1, gelatinous body 1,
(nimble swimmer 1), tentacles
a: no special abilities


You were on level 2 of the Dungeon.
You visited 1 branch of the dungeon, and saw 2 of its levels.

You collected 84 gold pieces.

Inventory:

Hand Weapons
 a - a +2 dagger (weapon)
 h - a +1 vorpal hand axe
Missiles
 b - 5 poisoned darts
 c - a curare-tipped dart (quivered)
Jewellery
 i - an amulet of magic regeneration
Scrolls
 e - 3 scrolls of identify {unknown}
 j - a scroll of torment {unknown}
 k - a scroll of enchant weapon {unknown}
Potions
 f - a potion of mutation {unknown}
 g - a potion of might {unknown}


   Skills:
 + Level 2.1 Fighting
 + Level 2.3 Short Blades
 + Level 2.3 Throwing
 + Level 1.1 Dodging
 + Level 6.9 Stealth


You had 3 spell levels left.
You didn't know any spells.
Your spell library was empty.

Dungeon Overview and Level Annotations

Branches:
Dungeon (2/15)

Altars:

Annotations:
D:2 Robin


Innate Abilities, Weirdness & Mutations

You cannot wear most types of armour.
You are amphibious.
You can wear up to eight rings at the same time.
Your skin changes colour to match your surroundings (Stealth+).
Your rubbery body absorbs attacks. (AC +1, EV +1)
((You are camouflaged when in or above water. (Stealth+)))
You have tentacles for arms and can constrict up to eight enemies at once.


Message History

A goblin comes into view. It is wielding a +0 dagger.
You miss the goblin. You grab the goblin. You constrict the goblin.
The goblin hits you but does no damage. The goblin closely misses you.
You hit the goblin but do no damage. You squeeze the goblin.
The goblin is severely wounded.
You constrict the goblin.
You kill the goblin!
The goblin completely misses you.
You have reached level 4!
You closely miss the goblin. You grab the goblin. You constrict the goblin.
The goblin misses you. The goblin barely misses you.
You hit the goblin.
The goblin is severely wounded.
You constrict the goblin.
You kill the goblin!
The goblin misses you.
You closely miss the goblin. Your grab misses the goblin.
The goblin closely misses you.
A goblin comes into view. It is wielding a +0 dagger of speed.
You hit the goblin. Your grab misses the goblin.
Your squeeze misses the goblin.
The goblin is severely wounded.
The goblin barely misses you.
A goblin comes into view. It is wielding a +0 club.
The goblin hits you with a +0 dagger.
* * * LOW HITPOINT WARNING * * *
Robin roars a battlecry!
The goblins go into a battle-frenzy!
The goblin shouts!
You hit the goblin.
You kill the goblin!
The goblin hits you with a +0 dagger.
* * * LOW HITPOINT WARNING * * *
The goblin closely misses you.
You closely miss the goblin. You grab the goblin. You constrict the goblin.
You hit the goblin but do no damage.
The goblin is heavily wounded.
You constrict the goblin. The goblin barely misses you.
The goblin hits you with a +0 dagger.
You die...

#..$#..g #.(.#((
+..))(^.. #....#..
#.####....#.### .
.......g....... .
#S#...###.. .
#g#...##.. ###.
#@#...#..#+####...
#)gBg.#.#........#
###...#.#........#
#.....#........#
##..(##..)†....#
#..).....).....#
#..............#
#........#######
+........#######


You could see Robin, an adder, a giant cockroach and 3 goblins.

Vanquished Creatures
  Jessica (D:2)
  4 bats
  6 goblins
  4 hobgoblins
  5 kobolds
  2 quokkas (D:2)
  3 ball pythons
  A frilled lizard (D:1)
  5 rats (D:1)
31 creatures vanquished.

Notes
Turn   | Place    | Note
-------+----------+-------------------------------------------
     0 | D:1      | masschaos23 the Octopode Brigand began the quest for the
                  | Orb.
     0 | D:1      | Reached XP level 1. HP: 14/14 MP: 1/1
   457 | D:1      | Reached XP level 2. HP: 19/19 MP: 2/2
   497 | D:1      | Reached skill level 6 in Stealth
   965 | D:2      | Reached XP level 3. HP: 24/24 MP: 3/3
  1026 | D:2      | Noticed Robin
  1026 | D:2      | Noticed Jessica
  1037 | D:2      | Killed Jessica
  1039 | D:2      | HP: 1/24 [goblin/+0 club[Robin] (1)]
  1047 | D:2      | Reached XP level 4. HP: 8/29 MP: 4/4
  1053 | D:2      | Slain by a goblin

Illustrated notes

Levels and vault maps discovered:
D:1:      minmay_arrival_four_houses, layout_loops_ring,
          nicolae_concentric_dashed_squares_mild
D:2:      layout_basic, uniq_robin, uniq_jessica, uniq_crazy_yiuf_cottage

Skill      XL: |  1  2 |
---------------+-------+-----
Stealth        | 6 |  6.9
Fighting       | |  2.1
Short Blades   | |  2.3
Throwing       | |  2.3
Dodging        | |  1.1

Action                   |  1- 3 |  4- 6 || total
-------------------------+-------+-------++-------
Melee: Dagger            |    44 |     7 ||    51
       Constrict         |    10 |     2 ||    12
       Tentacles         |     8 |       ||     8
Throw: Dart              |    12 |       ||    12
  Use: Potion            |     1 |       ||     1
 Stab: Sleeping          |     8 |       ||     8
Armor: Skin              |     5 |       ||     5
Dodge: Dodged            |    30 |     7 ||    37
